 Dungeon Crawl Stone Soup version 0.22-a0-525-gf69a080 (webtiles) character file.

79 pk666 the Magician (level 4, 21/21 HPs)
             Began as a Deep Elf Fire Elementalist on June 21, 2018.
             Was a Follower of Hepliaklqana.
             Quit the game on level 2 of the Dungeon.
             The game lasted 00:02:08 (1222 turns).

pk666 the Magician (Deep Elf Fire Elementalist)     Turns: 1222, Time: 00:02:09

Health: 21/21      AC:  2    Str:  5    XL:     4   Next: 17%
Magic:  4/12       EV: 13    Int: 21    God:    Hepliaklqana [*.....]
Gold:   106        SH:  0    Dex: 15    Spells: 10/11 levels left

rFire    . . .     SeeInvis .   (no weapon)
rCold    . . .     Gourm    .   (no shield)
rNeg     . . .     Faith    .   a - +0 robe
rPois    .         Spirit   .   (no helmet)
rElec    .         Reflect  .   (no cloak)
rCorr    .         Harm     .   (no gloves)
MR       .....                  (no boots)
Stlth    ++........             (no amulet)
HPRegen  0.07/turn              (no ring)
MPRegen  0.13/turn              (no ring)

@: no status effects
A: reduced essence
a: Recall Ancestor, Ancestor Identity, Renounce Religion


You were on level 2 of the Dungeon.
You worshipped Hepliaklqana.
Hepliaklqana was aware of your devotion.
You were not hungry.

You visited 1 branch of the dungeon, and saw 2 of its levels.

You collected 106 gold pieces.

Inventory:

Armour
 a - a +0 robe (worn)
Scrolls
 b - a scroll of enchant armour {unknown}
 f - a scroll of fear {unknown}
 j - a scroll of remove curse {unknown}
 l - a scroll of noise {unknown}
Potions
 d - 2 potions of curing {unknown}
 e - a potion of brilliance {unknown}
 g - a potion of degeneration {unknown}
 h - 4 potions of flight {unknown}
 i - a potion of invisibility {unknown}
 m - a potion of haste {unknown}
Comestibles
 c - 4 rations


   Skills:
 - Level 2.4 Dodging
 - Level 2.4 Stealth
 + Level 4.0 Spellcasting
 * Level 3.2 Conjurations
 + Level 3.9 Fire Magic


You had 10 spell levels left.
You knew the following spells:

 Your Spells              Type           Power        Failure   Level  Hunger
a - Flame Tongue          Conj/Fire      ###..        2%          1    None

Your spell library contained the following spells:

 Spells                   Type           Power        Failure   Level  Hunger
 Fireball                 Conj/Fire      ###.......   58%         5    ######.
 Conjure Flame            Conj/Fire      ###.....     9%          3    ###....
 Throw Flame              Conj/Fire      ###...       4%          2    #......
 Sticky Flame             Conj/Fire      ###.....     26%         4    ####...
 Inner Flame              Hex/Fire       ##......     16%         3    ###....


Dungeon Overview and Level Annotations

Branches:
Dungeon (2/15)

Altars:
Hepliaklqana


Message History

The adder is engulfed in a cloud of scalding steam.
You kill the adder!
Your Spellcasting skill increases to level 4!
Casting: Flame Tongue (safe; 2% risk of failure)
Confirm with . or Enter, or press ? or * to list all spells.
You can't see any susceptible monsters within range! (Use Z to cast anyway.) Why would you want to do that?
You enter the shallow water.
Moving in this stuff is going to be slow.
Found a ration.
There is a faded altar of an unknown god here.
You cannot tell which god this altar belongs to.
Convert to them anyway? [Y]es or [N]o only, please.
You cannot tell which god this altar belongs to.
Convert to them anyway?
Hepliaklqana accepts your prayer! Hepliaklqana welcomes you!
Hepliaklqana forms a fragment of your life essence into the memory of your ancestor, Libusa!
You can now recall your ancestor.
You can now remember your ancestor's identity.
Are you sure you want to abandon this character and quit the game? (Confirm with "yes".)

...........#### ####
......≈≈...≈....# #...
....≈≈.≈≈...≈≈..≈# #.##
....≈≈≈≈≈≈≈≈≈≈≈..# #.##
.....≈≈≈≈≈≈≈≈≈≈.# #.#
.....≈≈≈≈≈≈≈≈≈≈.# #.#
#.≈≈≈≈♣≈♣R≈≈..# #.#
#≈≈≈≈≈.@≈≈≈≈≈.# #.# ##+
#.≈≈≈≈..≈≈≈≈.≈# #####.##
.%..#..≈≈≈≈≈≈≈≈≈..# #.......
.....≈.≈≈≈≈≈≈≈≈≈..# #.###...
.......≈≈≈≈≈≈≈≈≈≈.# #.####..
.....≈≈.≈.)≈≈≈≈≈≈.###.##....
....>≈.≈.≈≈.≈≈...≈..........
.............(.#.####.##....
......#.####.#.#.# #.##.#..


You could see the friendly Libusa the ancestor.

Vanquished Creatures
  5 adders (D:2)
  A leopard gecko (D:2)
  2 bats (D:1)
  2 giant cockroaches (D:2)
  6 hobgoblins
  7 kobolds
  A quokka (D:2)
  2 ball pythons
  A frilled lizard (D:2)
  4 goblins
  4 rats (D:1)
35 creatures vanquished.

Notes
Turn   | Place    | Note
-------+----------+-------------------------------------------
     0 | D:1      | pk666 the Deep Elf Fire Elementalist began the quest for the Orb.
     0 | D:1      | Reached XP level 1. HP: 10/10 MP: 6/6
     0 | D:1      | Noticed a gargoyle
     2 | D:1      | Noticed a minotaur
     2 | D:1      | Noticed a minotaur
     6 | D:1      | Noticed a spriggan
     8 | D:1      | Noticed a vampire
     9 | D:1      | Noticed a ghoul
    11 | D:1      | Noticed a gargoyle
    13 | D:1      | Noticed an elf
    13 | D:1      | Noticed a troll
    15 | D:1      | Noticed a felid
    15 | D:1      | Noticed an elf
    15 | D:1      | Noticed a naga
    17 | D:1      | Noticed a centaur
    22 | D:1      | Noticed a human
   304 | D:1      | Reached XP level 2. HP: 15/15 MP: 6/8
   790 | D:2      | Reached XP level 3. HP: 18/19 MP: 3/10
  1194 | D:2      | Found a faded altar of an unknown god.
  1205 | D:2      | Reached XP level 4. HP: 24/24 MP: 5/11
  1212 | D:2      | Reached skill level 4 in Spellcasting
  1221 | D:2      | Became a worshipper of Hepliaklqana the Forgotten
  1221 | D:2      | Reached * piety under Hepliaklqana
  1222 | D:2      | Quit the game

Vault maps used:
D:1:      shiori_arrival_whats_in_store_for_you
D:2:      first_ration, chequers_ecumenical_altar_island, uniq_jessica

Skill      XL: |  1  2  3  4 |
---------------+-------------+-----
Conjurations   | 2 3 |  3.2
Spellcasting   | 4 |  4.0
Dodging        | |  2.4
Stealth        | |  2.4
Fire Magic     | |  3.9

Action                   |  1- 3 |  4- 6 || total
-------------------------+-------+-------++-------
Melee: Unarmed           |     1 |       ||     1
 Cast: Flame Tongue      |    60 |     5 ||    65
  Eat: Chunk             |     1 |       ||     1
Armor: Robe              |     3 |       ||     3
Dodge: Dodged            |    11 |       ||    11

Table legend:
 A = Spawn XP
 B = Non-spawn XP
 C = Spawn XP percentage of total XP
 D = Spawn monster count
 E = Non-spawn monster count
 F = Spawn count percentage of total count
 G = Total turns spent on level
                    A         B        C        D         E        F      G
               +---------+---------+-------+---------+---------+-------+---------
         Total |       0 |     114 |   0.0 |       0 |      35 |   0.0 |  1222
               +---------+---------+-------+---------+---------+-------+---------
           D:1 |       0 |      22 |   0.0 |       0 |      15 |   0.0 |   653
           D:2 |       0 |      92 |   0.0 |       0 |      20 |   0.0 |   569
               +---------+---------+-------+---------+---------+-------+---------
